 Dungeon Crawl Stone Soup version 0.27.1-35-g4d5d836560 (webtiles) character file.

Game seed: 5329698261991452185

13 cbfl8 the Sneak (level 2, -2/27 HPs)
             Began as a Minotaur Delver on Mar 19, 2022.
             Slain by an orc wizard (4 damage)
             ... on level 5 of the Dungeon.
             The game lasted 00:00:42 (225 turns).

cbfl8 the Sneak (Minotaur Delver)                    Turns: 225, Time: 00:00:42

Health: -2/27      AC:  3    Str: 16    XL:     2   Next: 24%
Magic:  1/1        EV: 11    Int:  7    God:
Gold:   13         SH:  0    Dex: 11    Spells: 1/1 levels left

rFire    . . .     SeeInvis .   a - +0 hand axe
rCold    . . .     Faith    .   (no shield)
rNeg     . . .     Spirit   .   b - +0 leather armour
rPois    .         Reflect  .   (helmet restricted)
rElec    .         Harm     .   (no cloak)
rCorr    .         Rampage  .   (no gloves)
Will     .....                  (no boots)
Stlth    ++........             (no amulet)
HPRegen  0.09/turn              (no ring)
MPRegen  0.07/turn              (no ring)

@: no status effects
A: horns 2, retaliatory headbutt
a: no special abilities


You were on level 5 of the Dungeon.
You visited 1 branch of the dungeon, and saw 1 of its levels.

You collected 13 gold pieces.

Inventory:

Hand Weapons
 a - a +0 hand axe (weapon)
Armour
 b - a +0 leather armour (worn)
Wands
 g - a wand of digging (3)
 h - a wand of paralysis (9)
Scrolls
 c - a scroll of fog
 d - a scroll of identify {unknown}
 e - a scroll of fear
Potions
 f - a potion of haste
 i - a potion of degeneration {unknown}


   Skills:
 + Level 3.7 Fighting
 + Level 2.7 Axes
 + Level 2.2 Dodging
 + Level 4.4 Stealth


You had one spell level left.
You didn't know any spells.
Your spell library was empty.

Dungeon Overview and Level Annotations

Branches:
Dungeon (5/15)
 Temple: D:4-7

Altars:


Innate Abilities, Weirdness & Mutations

You have a pair of horns on your head.
You reflexively headbutt those who attack you in melee.


Message History

The orc wizard flickers and vanishes!
Deactivating autopickup; reactivate with Ctrl-A.
The orc hits you with a +0 dagger. The orc hits you but does no damage.
You open the door. The orc hits you with a +0 dagger.
There is an open door here.
The orc wizard casts a spell.
The orc wizard flickers and vanishes!
The orc barely misses you. You furiously retaliate!
You headbutt the orc!
You kill the orc!
The orc barely misses you.
You hear some strange, mumbled words.
You are confused.
You bump into the rock wall.
Something hits you but does no damage. The orc hits you with a +0 short sword.
You're too confused to move!
Something hits you. x2
The orc hits you with a +0 short sword.
You bump into the rock wall.
Something hits you but does no damage.
You hear some strange, mumbled words.
A magic dart appears from out of thin air!
The magic dart hits you. The orc hits you with a +0 short sword.
You're too confused to move!
You feel less confused. Something completely misses you.
Something hits you but does no damage. The orc hits you but does no damage.
Something hits you.
* * * LOW HITPOINT WARNING * * *
There is an open door here.
Something hits you but does no damage. Something hits you.
* * * LOW HITPOINT WARNING * * *
There is an open door here.
A magic dart appears from out of thin air!
The magic dart hits you.
* * * LOW HITPOINT WARNING * * *
You hear some strange, mumbled words.
Something tries to affect you, but you resist.
There is an open door here.
Something hits you.
You die...

#.....#.....#.....#..#,..
***######.####'##.....#.##*..
*,,#...##.###..#....###.#***#
#...#......#...#....+...#,,,,
#...#......#...#....#...#,,,,
#####......#..{#....#...#,,,,
##..#######'#....###.#**,,
#...##<.##{.###....#.#####
#........@....#..).'......
#.............#....#......
##.###+########....#######
###**,,**#...............
*,,,,,,+...............
*,,,,,,#...............
*,,,,,,#...............
**,****#...............
***,,.........#####...


There were no monsters in sight!

Vanquished Creatures
  A howler monkey zombie (D:5)
  An orc (D:5)
2 creatures vanquished.

Notes
Turn   | Place    | Note
-------+----------+-------------------------------------------
     0 | D:5      | cbfl8 the Minotaur Delver began the quest for the Orb.
     0 | D:5      | Reached XP level 1. HP: 19/19 MP: 0/0
    86 | D:5      | Reached XP level 2. HP: 25/27 MP: 1/1
   217 | D:5      | HP: 1/27 [something/magic dart (6)]
   225 | D:5      | Slain by an orc wizard

Illustrated notes

Levels and vault maps discovered:
D:5:      layout_gridville

Action                   || total
-------------------------++-------
Melee: Hand axe          ||     8
       Headbutt          ||     3
  Use: Scroll            ||     1
Armor: Leather armour    ||     8
Dodge: Dodged            ||     8
